Match 27988396
Unlisted

Match 27988396
End
Construct Infanterie Kompanie
Selects Mechanized Battlegroup
MG 42 Machine Gun Team
Grenadier Squad
GrW 34 Mortar Team
Construct Panzergrenadier Kompanie
Panzergrenadier Squad
Selects Raid Package
Medical Station
Construct Panzer Kompanie
Selects 8 Rad Armored Car
Selects UNKNOWN (2160084)
Selects Spotting Scopes
Pak 40 Anti-tank Gun Team
Panther Heavy Tank
Panzergrenadier Squad
Selects Stoßtruppen Assault Package
Panther Heavy Tank
Selects Zeroing Artillery Barrage
Zeroing Artillery Barrage
Side Skirts
MG 42 Machine Gun Team
Zeroing Artillery Barrage
Panther Heavy Tank
Pioneer Squad
Zeroing Artillery Barrage
Panther Heavy Tank
Zeroing Artillery Barrage
Sturmpanzer IV Brummbär
Zeroing Artillery Barrage
Panther Heavy Tank
Stoßtruppen Squad
AI Takeover
Choke On
QAQ
RaMbO__
HulkSMASH
diritar
343108292
0
0

Comments sign in to comment!

No comments posted yet!